[Event "Titled Tuesday Blitz January 10 Late 2023"]
[White "Suvorov, Luca"]
[Black "Rodriguez Santiago, Jaime"]
[WhiteFideId "12977071"]
[BlackFideId "3100898"]
[WhiteElo "2310"]
[BlackElo "2026"]
[Result "0-1"]
[Round "02"]
[TimeControl "180+2"]
[Date "2023.01.10"]
[WhiteClock "0:00:15"]
[BlackClock "0:00:16"]

1. d4 d5 2. c4 e6 3. Nc3 c6 4. e3 Nf6 5. Qc2 Nbd7 6. f3 Be7 7. Bd3 dxc4 8. Bxc4 b5 9. Bd3 a6 10. Nge2 Bb7 11. O-O c5 12. a4 c4 13. Be4 Nxe4 14. Nxe4 O-O 15. Rd1 Nf6 16. Nxf6+ Bxf6 17. b3 Rc8 18. bxc4 Rxc4 19. Qb1 Qb6 20. Nf4 Rfc8 21. Nd3 Rxd4 22. Bb2 Rh4 23. Bxf6 Qxe3+ 24. Nf2 gxf6 25. axb5 axb5 26. Qxb5 Rc2 27. Rf1 Bd5 28. Qb8+ Kg7 29. Rae1 Qg5 30. Qg3 Rb4 31. Nd3 Qxg3 32. hxg3 Rb3 33. Nf2 Rbb2 34. g4 h5 35. gxh5 Kh6 36. Ng4+ Kxh5 37. Ne3 Rd2 38. Kh2 Ba8 39. Kg3 f5 40. Rh1+ Kg5 41. Rh3 f4+ 42. Kh2 fxe3 43. Rg3+ Kf5 44. Rg4 Bxf3 45. Rf1 Rxg2+ 46. Kh3 Rxg4 47. Rxf3+ Rf4 48. Rxe3 e5 49. Kg3 Rbb4 50. Kh3 Rbe4 51. Rd3 Rh4+ 52. Kg3 Reg4+ 53. Kf3 Rh3+ 54. Ke2 Rxd3 55. Kxd3 Rg3+ 56. Ke2 Kf4 0-1


[Site "https://www.chess.com"]

[Event "Titled Tuesday Blitz January 10 Late 2023"]
[White "Pinero Rodriguez, Carlos Jose"]
[Black "Kozin, Yuri"]
[WhiteFideId "3901726"]
[BlackFideId "4129920"]
[WhiteElo "2246"]
[BlackElo "2251"]
[Result "0-1"]
[Round "02"]
[TimeControl "180+2"]
[Date "2023.01.10"]
[WhiteClock "0:00:14"]
[BlackClock "0:01:42"]

1. d4 d5 2. e3 Nf6 3. Bd3 Bg4 4. Be2 Bxe2 5. Qxe2 Nbd7 6. f4 e6 7. Nd2 c5 8. c3 Bd6 9. Ngf3 O-O 10. Ne5 Qc7 11. O-O Rab8 12. g4 b5 13. g5 Ne4 14. Nxe4 dxe4 15. Bd2 b4 16. Rac1 bxc3 17. Bxc3 Qb7 18. Nxd7 Qxd7 19. Rcd1 cxd4 20. Rxd4 Qe7 21. Rfd1 Bb4 22. Rd7 Qc5 23. Bd4 Qf5 24. Bxa7 Ra8 0-1


[Site "https://www.chess.com"]

[Event "Titled Tuesday Blitz January 10 Late 2023"]
[White "gshwbedhkhd"]
[Black "Coelho, Ramyres Santana"]
[BlackFideId "2120690"]
[WhiteElo "2527"]
[BlackElo "1981"]
[Result "1/2-1/2"]
[Round "02"]
[TimeControl "180+2"]
[Date "2023.01.10"]
[WhiteClock "0:00:15"]
[BlackClock "0:00:35"]

1. e4 c5 2. Nf3 d6 3. Nc3 Nc6 4. d4 cxd4 5. Nxd4 Bd7 6. Be2 Nf6 7. O-O e6 8. Be3 a6 9. Kh1 Be7 10. f4 O-O 11. Bf3 Rc8 12. Qd3 b5 13. a3 Re8 14. Rad1 Qc7 15. Nb3 b4 16. axb4 Nxb4 17. Qd2 d5 18. e5 Ne4 19. Nxe4 dxe4 20. Bxe4 Bb5 21. Rf2 g6 22. Nd4 Bc4 23. c3 Nd5 24. b3 Bb5 25. c4 Nxe3 26. Qxe3 Bd7 27. Rfd2 Rcd8 28. Qf3 Bb4 29. Rd3 Bc8 30. h4 Bc5 31. h5 Qb6 32. Nc2 Rxd3 33. Qxd3 Be7 34. hxg6 hxg6 35. Qe3 Bc5 36. Qf3 Rd8 37. g3 Rxd1+ 38. Qxd1 Qxb3 39. Qd8+ Kg7 40. Qxc8 Bf2 41. Qd8 Qxg3 42. Qf6+ Kf8 43. Qh8+ Ke7 44. Qh2 Kd7 45. Nb4 a5 46. Nd3 Qxh2+ 47. Kxh2 Be3 48. Kg2 g5 49. Kf3 gxf4 50. Nxf4 Bd4 51. Nd3 a4 52. Bb7 a3 53. Nc1 Bxe5 54. Na2 Kc7 55. Be4 Kb6 56. Bd3 Kc5 57. Ke4 Bb2 58. Be2 f5+ 59. Kd3 e5 60. Kc2 e4 61. Kd2 f4 62. Bg4 f3 63. Ke3 Kxc4 64. Kxe4 f2 65. Be6+ Kb5 66. Bh3 Ka4 67. Ke3 f1=Q 68. Bxf1 Kb3 69. Kd3 Kxa2 70. Kc2 Be5 71. Bc4+ Ka1 72. Bd5 Bb2 73. Be6 Bg7 74. Bf7 Bb2 75. Bg8 Bd4 76. Bf7 Bc5 77. Bg8 Bd6 78. Bf7 Bb4 79. Bg8 Be7 80. Bf7 Bf6 81. Bg8 Be5 82. Bf7 Bd4 83. Bg8 a2 84. Bf7 Bb2 85. Bg8 Bf6 86. Bf7 Bb2 87. Bg8 Bf6 88. Bf7 Bb2 1/2-1/2


[Site "https://www.chess.com"]

[Event "Titled Tuesday Blitz January 10 Late 2023"]
[White "Muhammad, Shahzeb"]
[Black "Belenkaya, Dina"]
[WhiteFideId "7804806"]
[BlackFideId "24142654"]
[WhiteElo "1853"]
[BlackElo "2267"]
[Result "1/2-1/2"]
[Round "02"]
[TimeControl "180+2"]
[Date "2023.01.10"]
[WhiteClock "0:00:08"]
[BlackClock "0:00:10"]

1. e4 c6 2. d4 d5 3. exd5 cxd5 4. c4 Nf6 5. Nc3 Nc6 6. Nf3 g6 7. c5 Bg4 8. Bb5 a6 9. Bxc6+ bxc6 10. Qa4 Qc7 11. Bf4 Qb7 12. Ne5 Rc8 13. O-O Bg7 14. Bg5 O-O 15. Bxf6 exf6 16. Nxg4 Qxb2 17. Qb3 Qd2 18. Rad1 Qf4 19. Ne3 f5 20. Ne2 Qh4 21. g3 Qh6 22. Ng2 g5 23. Qd3 Rfe8 24. Rfe1 Qg6 25. Ne3 Re4 26. f3 Re6 27. Qxf5 Rce8 28. Qxg6 hxg6 29. Nxd5 Rxe2 30. Rxe2 Rxe2 31. Nb4 Re6 32. Nxa6 Kf8 33. Kf2 Ke7 34. Nb4 Kd7 35. d5 cxd5 36. Rxd5+ Kc7 37. c6 Bc3 38. Rd7+ Kc8 39. Nd5 Bd4+ 40. Kg2 Rxc6 41. Rxf7 Rc2+ 42. Kh3 Rxa2 43. Ne7+ Kd7 44. Nxg6+ Ke6 45. Rf8 Bc5 46. Rc8 Bg1 47. Kg4 Bxh2 48. Rc6+ Kd5 49. Rf6 Rg2 50. Rf5+ Ke6 51. Rxg5 Rxg3+ 52. Kh5 Rxf3 53. Rg4 Bd6 54. Nh4 Kf6 55. Rg6+ Kf7 56. Rxd6 Rf1 57. Rd7+ Ke6 58. Rg7 Kf6 59. Rg6+ Kf7 60. Rg4 Kf6 61. Rg6+ Kf7 62. Kh6 Rf4 63. Kg5 Rxh4 64. Kxh4 Kxg6 1/2-1/2


[Site "https://www.chess.com"]

[Event "Titled Tuesday Blitz January 10 Late 2023"]
[White "Guzman Moneo, Alberto"]
[Black "Roberson, Peter T"]
[WhiteFideId "2209616"]
[BlackFideId "412384"]
[WhiteElo "2170"]
[BlackElo "2430"]
[Result "0-1"]
[Round "02"]
[TimeControl "180+2"]
[Date "2023.01.10"]
[WhiteClock "0:00:01"]
[BlackClock "0:00:43"]

1. e4 e6 2. d3 b5 3. a4 b4 4. c4 c5 5. Nf3 Ne7 6. d4 cxd4 7. Nxd4 Nec6 8. Nb5 d6 9. Be2 e5 10. f4 a6 11. O-O axb5 12. cxb5 Nd4 13. fxe5 dxe5 14. Bc4 Be6 15. Bxe6 Nxe6 16. Qh5 g6 17. Qxe5 Qd4+ 18. Qxd4 Nxd4 19. Nd2 Nxb5 20. Nc4 Nd4 21. Be3 Nc2 22. Rac1 Nxe3 23. Nxe3 Bh6 24. Rc8+ Kd7 25. Rxh8 Bxe3+ 26. Kh1 Bd4 27. Rxh7 Rxa4 28. Rhxf7+ Ke6 29. b3 Ra3 30. R7f3 Bc3 31. Rb1 Nd7 32. h4 Nc5 33. g4 Nxb3 34. h5 gxh5 35. gxh5 Nd2 36. Rbf1 Nxf1 37. Rxf1 Ra1 0-1


[Site "https://www.chess.com"]

[Event "Titled Tuesday Blitz January 10 Late 2023"]
[White "La Villa Rivas, Marlon Javier"]
[Black "Martinez Reyes, Pedro Ramon"]
[WhiteFideId "3519546"]
[BlackFideId "3901807"]
[WhiteElo "2246"]
[BlackElo "2376"]
[Result "0-1"]
[Round "02"]
[TimeControl "180+2"]
[Date "2023.01.10"]
[WhiteClock "0:00:57"]
[BlackClock "0:01:44"]

1. e4 e6 2. d4 d5 3. Nd2 Nf6 4. e5 Ne4 5. Nxe4 dxe4 6. Ne2 c5 7. c3 Nc6 8. Be3 cxd4 9. cxd4 Bb4+ 10. Nc3 O-O 11. Be2 Qa5 12. O-O Bxc3 13. bxc3 Qxc3 14. Rc1 Qa5 15. Bc4 Rd8 16. Qg4 Ne7 17. Qxe4 Bd7 18. Bg5 Bc6 19. Qg4 Re8 20. h4 Nf5 21. Bd3 Qd5 22. Bxf5 exf5 23. Qg3 Qxd4 24. Bf6 Qg4 25. Qxg4 fxg4 26. Bg5 Rxe5 27. Rfe1 Rae8 28. Be3 f5 29. Red1 Kf7 30. Bxa7 Ra5 31. Be3 Rxa2 32. Rb1 Rxe3 33. fxe3 Rxg2+ 34. Kf1 Rh2 35. Rd6 0-1


[Site "https://www.chess.com"]

[Event "Titled Tuesday Blitz January 10 Late 2023"]
[White "Ozates, Tuna"]
[Black "Wang, Alexander J"]
[WhiteFideId "6354521"]
[BlackFideId "30955270"]
[WhiteElo "2251"]
[BlackElo "1815"]
[Result "1-0"]
[Round "02"]
[TimeControl "180+2"]
[Date "2023.01.10"]
[WhiteClock "0:02:32"]
[BlackClock "0:01:01"]

1. Nf3 d5 2. c4 e6 3. d4 c5 4. cxd5 exd5 5. Nc3 Nc6 6. g3 Nf6 7. Bg2 cxd4 8. Nxd4 Bc5 9. Nxc6 bxc6 10. O-O O-O 11. e4 dxe4 12. Nxe4 Nxe4 13. Bxe4 Qxd1 14. Rxd1 Bh3 15. Bxc6 Rad8 16. Bf4 Bb6 17. Bg2 Bg4 18. Rxd8 Rxd8 19. h3 Be6 20. a4 Rc8 21. a5 Bd4 22. Rd1 Bxb2 23. Bb7 Re8 24. Be3 Bxh3 25. Bxa7 h5 26. a6 Bg4 27. Rb1 Be5 28. Be3 Bf5 29. Rb5 Bd3 30. Rxe5 Rxe5 31. a7 1-0


[Site "https://www.chess.com"]

[Event "Titled Tuesday Blitz January 10 Late 2023"]
[White "Ratnesan, Ranesh"]
[Black "Pein, Jonathan"]
[WhiteFideId "439339"]
[BlackFideId "417092"]
[WhiteElo "2260"]
[BlackElo "2265"]
[Result "1-0"]
[Round "02"]
[TimeControl "180+2"]
[Date "2023.01.10"]
[WhiteClock "0:00:20"]
[BlackClock "0:00:05"]

1. d4 g6 2. c4 Bg7 3. Nc3 Nf6 4. e4 O-O 5. Be2 d6 6. Be3 e5 7. d5 a5 8. g4 Na6 9. h4 Nc5 10. f3 Bd7 11. Qd2 a4 12. h5 c6 13. dxc6 Bxc6 14. hxg6 fxg6 15. Rd1 Qb6 16. g5 Nh5 17. Nd5 Bxd5 18. Qxd5+ Rf7 19. Qxd6 Qb4+ 20. Qd2 Qxd2+ 21. Rxd2 Ne6 22. c5 Nd4 23. Bc4 Rf8 24. Rh3 Rc8 25. b4 axb3 26. axb3 Rxc5 27. Ra2 Rc8 28. Ra7 Bf8 29. Ne2 Nc2+ 30. Kd2 Nxe3 31. Bxf7+ Kxf7 32. Rxb7+ Kg8 33. Kxe3 Bc5+ 34. Kd3 Rd8+ 35. Kc4 Bf8 36. Nc3 Nf4 37. Rhxh7 Rc8+ 38. Rhc7 Rd8 39. Nd5 Nxd5 40. exd5 e4 41. fxe4 Re8 42. Kd4 Kh8 43. e5 Bg7 44. Rxg7 Rxe5 45. Rh7+ Kg8 46. Rbg7+ Kf8 47. Kxe5 1-0


[Site "https://www.chess.com"]

[Event "Titled Tuesday Blitz January 10 Late 2023"]
[White "reevecanada"]
[Black "De Souza, Cristiano Gomes"]
[BlackFideId "2151758"]
[WhiteElo "2497"]
[BlackElo "2018"]
[Result "1-0"]
[Round "02"]
[TimeControl "180+2"]
[Date "2023.01.10"]
[WhiteClock "0:02:35"]
[BlackClock "0:02:06"]

1. Nf3 Nf6 2. d4 g6 3. e3 Bg7 4. Bd3 d6 5. O-O O-O 6. Nbd2 b6 7. b3 Bb7 8. Bb2 Nbd7 9. e4 c5 10. e5 dxe5 11. dxe5 Ng4 12. Re1 Qc7 13. Qe2 e6 14. h3 Nh6 15. Ne4 Nxe5 16. Nxe5 Bxe5 17. Nf6+ Bxf6 18. Bxf6 Qc6 19. f3 Nf5 20. Be4 Qd7 21. Rad1 Qc7 22. Qd2 Ng7 23. Qh6 Rfe8 24. Qxg7# 1-0


[Site "https://www.chess.com"]

[Event "Titled Tuesday Blitz January 10 Late 2023"]
[White "Khandelwal, Ankush"]
[Black "Thiel, Thomas"]
[WhiteFideId "413470"]
[BlackFideId "4615964"]
[WhiteElo "2205"]
[BlackElo "2234"]
[Result "1-0"]
[Round "02"]
[TimeControl "180+2"]
[Date "2023.01.10"]
[WhiteClock "0:00:20"]
[BlackClock "0:00:43"]

1. e4 d5 2. exd5 Nf6 3. d4 Nxd5 4. Nf3 g6 5. Bc4 Bg7 6. O-O O-O 7. h3 Nc6 8. Bb3 a5 9. c4 Nb6 10. d5 Ne5 11. Nxe5 Bxe5 12. Nc3 Bxc3 13. bxc3 a4 14. Bc2 Qd6 15. Bh6 Rd8 16. Qd4 Qf6 17. Qxf6 exf6 18. Bd3 c6 19. Bf4 Nd7 20. Bc7 Re8 21. Rfe1 Rxe1+ 22. Rxe1 Kg7 23. Re8 Nc5 24. Be2 cxd5 25. cxd5 Na6 26. Bb6 f5 27. d6 1-0


[Site "https://www.chess.com"]

[Event "Titled Tuesday Blitz January 10 Late 2023"]
[White "Wu, Brandon"]
[Black "Tyagi, Kushan"]
[WhiteFideId "30909228"]
[BlackFideId "2040069"]
[WhiteElo "2123"]
[BlackElo "2060"]
[Result "0-1"]
[Round "02"]
[TimeControl "180+2"]
[Date "2023.01.10"]
[WhiteClock "0:00:57"]
[BlackClock "0:00:32"]

1. Nf3 c5 2. d4 cxd4 3. Nxd4 d5 4. g3 Nc6 5. Bg2 Nf6 6. O-O e5 7. Nxc6 bxc6 8. c4 Rb8 9. cxd5 cxd5 10. Qa4+ Qd7 11. Qxd7+ Bxd7 12. Nc3 d4 13. Nd5 Nxd5 14. Bxd5 Bb5 15. Re1 Bb4 16. Kf1 Bxe1 17. Kxe1 O-O 18. a4 Bd7 19. f4 Be6 20. Bxe6 fxe6 21. fxe5 Rf5 22. Ra3 g5 23. Rd3 Rb4 24. b3 Rxe5 25. Bd2 Rb7 26. Rxd4 Rxb3 27. Rd8+ Kf7 28. Rd7+ Kg6 29. Rxa7 Rb1+ 30. Kf2 Rb2 31. Be3 Rf5+ 32. Ke1 Re5 33. Kf2 Rf5+ 34. Ke1 Rb1+ 35. Kd2 Rd5+ 36. Kc3 Re1 37. Ra6 Kf5 38. h3 h5 39. Bd4 Rxe2 40. Ra8 Ke4 41. Bb6 Rg2 42. a5 Rxg3+ 43. Kc4 Rxh3 44. a6 Ra3 45. Bc5 Ra1 46. a7 Rc1+ 47. Kb4 Rdxc5 48. Re8 Rc8 49. a8=Q+ Rxa8 50. Rxa8 h4 51. Re8 Kf5 52. Rf8+ Kg4 53. Rf2 h3 54. Ra2 Rf1 55. Ra3 Rf3 56. Ra1 Kg3 57. Rh1 h2 58. Kc4 Kg2 59. Rxh2+ Kxh2 60. Kd4 g4 0-1


[Site "https://www.chess.com"]

[Event "Titled Tuesday Blitz January 10 Late 2023"]
[White "Sohier, Julien"]
[Black "Ezat, Mohamed"]
[WhiteFideId "645346"]
[BlackFideId "10600906"]
[WhiteElo "2214"]
[BlackElo "2402"]
[Result "1-0"]
[Round "02"]
[TimeControl "180+2"]
[Date "2023.01.10"]
[WhiteClock "0:01:25"]
[BlackClock "0:00:54"]

1. e4 c6 2. Nf3 d5 3. d3 dxe4 4. dxe4 Qxd1+ 5. Kxd1 Bg4 6. Be2 Nd7 7. Ne1 Bxe2+ 8. Kxe2 O-O-O 9. a4 e6 10. a5 h5 11. a6 b6 12. Nd3 Ngf6 13. f3 Bd6 14. Be3 Ne5 15. Nd2 Nxd3 16. cxd3 c5 17. Rac1 Kb8 18. g3 h4 19. f4 Ng4 20. e5 Bc7 21. Ne4 f5 22. Ng5 Rde8 23. d4 Nxe3 24. Kxe3 cxd4+ 25. Kxd4 Bd8 26. Nf7 hxg3 27. Nxh8 g2 28. Rhg1 Rxh8 29. Rxg2 Be7 30. Rxg7 Bc5+ 31. Rxc5 bxc5+ 32. Kxc5 Rd8 33. Re7 Rd2 34. Kc6 Rc2+ 35. Kd6 Rxb2 36. Re8# 1-0


[Site "https://www.chess.com"]

[Event "Titled Tuesday Blitz January 10 Late 2023"]
[White "Necromon"]
[Black "Stavri, Gligor"]
[BlackFideId "4706013"]
[WhiteElo "2454"]
[BlackElo "1867"]
[Result "1-0"]
[Round "02"]
[TimeControl "180+2"]
[Date "2023.01.10"]
[WhiteClock "0:00:20"]
[BlackClock "0:00:01"]

1. Nf3 g6 2. g3 Bg7 3. Bg2 d6 4. O-O Nf6 5. b3 O-O 6. Bb2 e5 7. d3 c6 8. c4 h6 9. Nbd2 Be6 10. e4 Nbd7 11. d4 exd4 12. Nxd4 Re8 13. Nxe6 Rxe6 14. Qc2 a5 15. Rae1 Nc5 16. Kh1 h5 17. f4 Qc7 18. e5 Ng4 19. f5 gxf5 20. Qxf5 Nxe5 21. Ne4 Nxe4 22. Bxe4 Ng6 23. Bxg7 Kxg7 24. Qxh5 Rae8 25. Qg4 Qe7 26. Rf4 d5 27. cxd5 cxd5 28. Ref1 dxe4 29. h4 e3 30. h5 e2 31. Re1 Rh8 32. Kg2 Qd6 33. hxg6 Rxg6 34. Qf3 f5 35. Rxe2 1-0


[Site "https://www.chess.com"]

[Event "Titled Tuesday Blitz January 10 Late 2023"]
[White "Skurikhin, Dmitrij"]
[Black "Kleinman, Michael"]
[WhiteFideId "4161297"]
[BlackFideId "2609479"]
[WhiteElo "2297"]
[BlackElo "2387"]
[Result "0-1"]
[Round "02"]
[TimeControl "180+2"]
[Date "2023.01.10"]
[WhiteClock "0:01:45"]
[BlackClock "0:01:50"]

1. d4 Nf6 2. c4 e6 3. Nf3 b6 4. Nc3 Bb4 5. Bg5 h6 6. Bh4 Bb7 7. e3 O-O 8. Bd3 d6 9. O-O Bxc3 10. bxc3 Qe7 11. Nd2 e5 12. Qc2 Re8 13. Rae1 Nbd7 14. f4 exf4 15. exf4 Qf8 16. Bf5 Rxe1 17. Rxe1 Re8 18. Rf1 Re2 19. Rf2 Qe8 20. Qd1 Re1+ 21. Qxe1 Qxe1+ 0-1


[Site "https://www.chess.com"]

[Event "Titled Tuesday Blitz January 10 Late 2023"]
[White "Torres Dominguez, David"]
[Black "Ansh M Shah"]
[WhiteFideId "2220857"]
[BlackFideId "25033379"]
[WhiteElo "1994"]
[BlackElo "2171"]
[Result "1-0"]
[Round "02"]
[TimeControl "180+2"]
[Date "2023.01.10"]
[WhiteClock "0:00:29"]
[BlackClock "0:00:05"]

1. e4 c6 2. Nf3 d5 3. d3 Nf6 4. Nbd2 Bg4 5. Be2 Bxf3 6. Bxf3 e5 7. O-O Be7 8. Re1 Qc7 9. exd5 cxd5 10. c4 e4 11. dxe4 dxc4 12. e5 Nfd7 13. Ne4 Nxe5 14. Bg5 O-O 15. Bxe7 Qxe7 16. Nd2 Rd8 17. Qc2 Qg5 18. Bxb7 Nbc6 19. Bxa8 Rxd2 20. Qc3 Rd3 21. Qc1 Qd8 22. Qf4 f6 23. Bxc6 Nxc6 24. Qxc4+ Qd5 25. Qxd5+ Rxd5 26. Rac1 Nb4 27. Rc7 Nxa2 28. Re8# 1-0


[Site "https://www.chess.com"]

[Event "Titled Tuesday Blitz January 10 Late 2023"]
[White "Urbina Perez, Juan Antonio"]
[Black "Smith, Garrett L"]
[WhiteFideId "2217368"]
[BlackFideId "2024829"]
[WhiteElo "2266"]
[BlackElo "2047"]
[Result "1-0"]
[Round "02"]
[TimeControl "180+2"]
[Date "2023.01.10"]
[WhiteClock "0:00:10"]
[BlackClock "0:00:33"]

1. e4 c5 2. Nf3 Nc6 3. d4 cxd4 4. Nxd4 e5 5. Nb5 d6 6. N5c3 Be7 7. Bc4 Nf6 8. O-O Be6 9. Bb3 O-O 10. Nd5 Nxe4 11. Nxe7+ Qxe7 12. Qe2 d5 13. Nd2 Nd4 14. Qe1 f5 15. c3 Nxb3 16. axb3 a6 17. f3 Nc5 18. Qxe5 f4 19. b4 Nd3 20. Qd4 Nxc1 21. Raxc1 Qd6 22. Rfe1 Rad8 23. Nb3 Bf5 24. Nc5 Rf7 25. Rcd1 h5 26. Rd2 h4 27. h3 b5 28. Qe5 Rf6 29. Qxd6 Rdxd6 30. Nb3 Rf7 31. Nd4 Bd7 32. Rde2 g5 33. Re5 Rg7 34. Nb3 Kf8 35. Rd1 Bc6 36. Nd4 Bd7 37. Kf2 Kf7 38. Nb3 Kf6 39. Re2 Bf5 40. Nc5 Re7 41. Red2 Rd8 42. Rxd5 Rde8 43. R5d2 Bc8 44. Ne4+ Kg7 45. Rd5 Bb7 46. Rxg5+ Kh6 47. Rg4 Bxe4 48. fxe4 Rxe4 49. Rxh4+ Kg5 50. Rg4+ Kf5 51. Rd2 Re1 52. Rg7 Rb1 53. Rf7+ Kg5 54. Rfd7 Ree1 55. Kf3 Rf1+ 56. Ke4 Rbe1+ 57. Kd5 Rg1 58. Kc6 Rb1 59. Kb6 Kh4 60. Kxa6 Kg3 61. Kxb5 Rxg2 62. Rg7+ Kxh3 63. Rgxg2 1-0


[Site "https://www.chess.com"]

[Event "Titled Tuesday Blitz January 10 Late 2023"]
[White "Araujo, Everson De Moura"]
[Black "Mikhalsky, Vladimir"]
[WhiteFideId "22737197"]
[BlackFideId "14144352"]
[WhiteElo "1944"]
[BlackElo "2219"]
[Result "1-0"]
[Round "02"]
[TimeControl "180+2"]
[Date "2023.01.10"]
[WhiteClock "0:01:02"]
[BlackClock "0:00:35"]

1. c4 c5 2. Nc3 Nf6 3. g3 d5 4. Bg2 d4 5. Nd5 Nc6 6. d3 e6 7. Nxf6+ Qxf6 8. Nf3 h6 9. O-O Bd6 10. Nd2 Qe7 11. Ne4 Bc7 12. a3 f5 13. Nd2 a5 14. Rb1 O-O 15. Re1 e5 16. e3 Kh8 17. Nf3 e4 18. exd4 cxd4 19. dxe4 fxe4 20. Nxd4 Qc5 21. Be3 Qxc4 22. Rc1 Qf7 23. Nxc6 bxc6 24. Bxe4 Rb8 25. Rxc6 Rxb2 26. Qc1 Rxf2 27. Rxc7 Qh5 28. Bxf2 Rxf2 29. Rxc8+ 1-0


[Site "https://www.chess.com"]

[Event "Titled Tuesday Blitz January 10 Late 2023"]
[White "Herman, Daniel"]
[Black "Koscielski, Janusz"]
[WhiteFideId "30935008"]
[BlackFideId "4614437"]
[WhiteElo "1956"]
[BlackElo "2260"]
[Result "1-0"]
[Round "02"]
[TimeControl "180+2"]
[Date "2023.01.10"]
[WhiteClock "0:00:20"]
[BlackClock "0:00:04"]

1. e4 c6 2. d4 d5 3. e5 Bf5 4. Nf3 e6 5. Be2 Ne7 6. O-O Ng6 7. c4 dxc4 8. Bxc4 Nd7 9. Nc3 Nb6 10. Bb3 Be7 11. Be3 O-O 12. Rc1 a5 13. h3 Nh4 14. Nxh4 Bxh4 15. g4 Bg6 16. f4 a4 17. Nxa4 Nxa4 18. Bxa4 Be4 19. Bb3 h6 20. Qe2 Bd5 21. Bxd5 Qxd5 22. a3 f6 23. Qg2 Qd7 24. Rfd1 Ra5 25. Qe4 Rd5 26. Rf1 f5 27. gxf5 Rxf5 28. Kh2 Qf7 29. Rg1 Qh5 30. Rg4 Rd7 31. Rcg1 Bd8 32. Bf2 Rdf7 33. Qg2 g5 34. Be3 Kh7 35. fxg5 Bxg5 36. Bxg5 Rf2 37. Bf6 Rxg2+ 38. R1xg2 1-0


[Site "https://www.chess.com"]

[Event "Titled Tuesday Blitz January 10 Late 2023"]
[White "Estrada Nieto, Julian"]
[Black "Antonio, Jorge Carlos"]
[WhiteFideId "5101018"]
[BlackFideId "113190"]
[WhiteElo "2215"]
[BlackElo "2277"]
[Result "0-1"]
[Round "02"]
[TimeControl "180+2"]
[Date "2023.01.10"]
[WhiteClock "0:00:46"]
[BlackClock "0:00:35"]

1. e4 c5 2. Nf3 e6 3. c3 d5 4. exd5 exd5 5. d4 Nf6 6. Bb5+ Bd7 7. Bxd7+ Qxd7 8. O-O Be7 9. Ne5 Qc7 10. Bf4 Qb6 11. Qa4+ Nc6 12. Re1 O-O 13. Nxc6 bxc6 14. Nd2 Rfe8 15. Nb3 c4 16. Na5 Qxb2 17. Nxc6 Ne4 18. Rab1 Qxf2+ 19. Kh1 Qxf4 20. Rf1 Qh4 21. Rb7 Ng3+ 22. Kg1 Nxf1 23. Kxf1 Bg5 24. Qd1 Bd2 25. Ne5 Qf4+ 26. Nf3 Re1+ 27. Qxe1 Bxe1 28. Kxe1 Qc1+ 29. Kf2 Qxc3 30. Kg3 f6 31. h4 h5 32. Kf4 Qc2 33. Re7 Qxg2 34. a4 Qg4+ 35. Ke3 Kf8 36. Re6 Re8 0-1


[Site "https://www.chess.com"]

[Event "Titled Tuesday Blitz January 10 Late 2023"]
[White "Martin Duque, Jesus"]
[Black "Papp, Petra"]
[WhiteFideId "2208954"]
[BlackFideId "739049"]
[WhiteElo "2386"]
[BlackElo "2343"]
[Result "1-0"]
[Round "02"]
[TimeControl "180+2"]
[Date "2023.01.10"]
[WhiteClock "0:00:47"]
[BlackClock "0:00:22"]

1. Nf3 Nf6 2. b3 d5 3. e3 g6 4. Bb2 Bg7 5. c4 O-O 6. cxd5 Nxd5 7. Bxg7 Kxg7 8. Qc1 c6 9. Nc3 Kg8 10. h4 h5 11. d4 Nxc3 12. Qxc3 Nd7 13. Bd3 Nf6 14. O-O-O a5 15. Ne5 Nd7 16. f3 a4 17. b4 a3 18. g4 Nxe5 19. dxe5 Qb6 20. Rde1 Be6 21. gxh5 Bxa2 22. hxg6 Be6 23. gxf7+ Rxf7 24. Rhg1+ Kf8 25. Kb1 Ra4 26. Kc1 a2 27. Kd2 Rxb4 28. Bc2 Rc4 29. Qd3 Qb2 30. Qd8# 1-0


[Site "https://www.chess.com"]

[Event "Titled Tuesday Blitz January 10 Late 2023"]
[White "Sabar, Ethmane Daouda"]
[Black "Gasparyan, David"]
[WhiteFideId "19600097"]
[BlackFideId "13311980"]
[WhiteElo "2040"]
[BlackElo "2142"]
[Result "1-0"]
[Round "02"]
[TimeControl "180+2"]
[Date "2023.01.10"]
[WhiteClock "0:00:08"]
[BlackClock "0:00:16"]

1. d4 Nf6 2. Nc3 d5 3. Bf4 a6 4. e3 Bf5 5. f3 e6 6. g4 Bg6 7. h4 h5 8. g5 Nfd7 9. Nh3 c5 10. Bg3 Nc6 11. Nf4 Bf5 12. Bd3 Bxd3 13. Qxd3 cxd4 14. exd4 Bd6 15. g6 f6 16. O-O-O Nf8 17. Rhe1 Ne7 18. Ncxd5 Nxd5 19. Nxe6 Nxe6 20. Rxe6+ Be7 21. Rde1 b5 22. Bd6 Ra7 23. Qe4 Kf8 24. Qxd5 Qa8 25. Bxe7+ Kg8 26. Rc6# 1-0


[Site "https://www.chess.com"]

[Event "Titled Tuesday Blitz January 10 Late 2023"]
[White "Pasti, Aron"]
[Black "Marin Ramirez, Gerardo"]
[WhiteFideId "785857"]
[BlackFideId "3901068"]
[WhiteElo "2361"]
[BlackElo "2127"]
[Result "1/2-1/2"]
[Round "02"]
[TimeControl "180+2"]
[Date "2023.01.10"]
[WhiteClock "0:00:02"]
[BlackClock "0:00:24"]

1. e4 e5 2. Nf3 Nf6 3. Nxe5 d6 4. Nd3 Nxe4 5. Qe2 Qe7 6. Nf4 c6 7. d3 Nf6 8. b3 Bg4 9. f3 Qxe2+ 10. Bxe2 Bf5 11. Bb2 Nbd7 12. Nd2 Nb6 13. g4 Bd7 14. c4 h6 15. O-O-O d5 16. h4 O-O-O 17. g5 Ne8 18. a4 dxc4 19. dxc4 Bb4 20. Ne4 Bf5 21. Rxd8+ Kxd8 22. Rd1+ Kc8 23. c5 Nd7 24. Nd6+ Nxd6 25. cxd6 hxg5 26. hxg5 f6 27. gxf6 Nxf6 28. Bd3 Bxd3 29. Rxd3 Rh1+ 30. Kc2 Rh2+ 31. Kb1 Kd7 32. Be5 Rd2 33. Rxd2 Bxd2 34. Nd3 b6 35. Bh2 Bc3 36. Kc2 Bd4 37. Ne5+ Bxe5 38. Bxe5 Ne8 39. Kd3 g6 40. Ke4 Nxd6+ 41. Kf4 Nf7 42. Bd4 c5 43. Bf2 Ke6 44. Ke4 Nd6+ 45. Kf4 c4 46. bxc4 Nxc4 47. Kg5 Kf7 48. f4 Nb2 49. a5 bxa5 50. Bxa7 a4 51. Bc5 Nc4 52. f5 gxf5 53. Kxf5 a3 54. Bxa3 1/2-1/2


[Site "https://www.chess.com"]

[Event "Titled Tuesday Blitz January 10 Late 2023"]
[White "Bulgurlu, Okan"]
[Black "Bochnicka, Vladimir"]
[WhiteFideId "6352316"]
[BlackFideId "14943450"]
[WhiteElo "1908"]
[BlackElo "2327"]
[Result "0-1"]
[Round "02"]
[TimeControl "180+2"]
[Date "2023.01.10"]
[WhiteClock "0:00:01"]
[BlackClock "0:00:04"]

1. c4 c5 2. Nf3 Nc6 3. g3 g6 4. Bg2 Bg7 5. O-O e5 6. d3 Nge7 7. Nc3 d6 8. Bg5 h6 9. Bxe7 Nxe7 10. Ne1 Rb8 11. Qa4+ Bd7 12. Qxa7 O-O 13. Qa3 f5 14. Nd5 Nc6 15. Nc2 Kh7 16. b4 e4 17. Rab1 exd3 18. exd3 b6 19. b5 Ne5 20. h3 g5 21. f4 Ng6 22. Rbe1 g4 23. hxg4 fxg4 24. Be4 Bf5 25. Bxf5 Rxf5 26. Re6 h5 27. Nde3 Rf6 28. f5 Ne5 29. Nd5 Rxe6 30. fxe6 Qg5 31. Qc1 Qg6 32. Nf4 Nxd3 33. Nxg6 Nxc1 34. Nf4 Nxa2 35. Ne3 Bd4 36. Re1 Nc3 37. Ng2 Re8 38. Kh2 Ne4 39. Nd5 Nxg3 40. Kxg3 Be5+ 0-1


[Site "https://www.chess.com"]